Map: Submarine LE

Players

Reynor - Winner!

  • Race: Zerg Zerg
  • League: Master
  • Spawn Location: 5:00

Serral

  • Race: Zerg Zerg
  • League: Grandmaster
  • Spawn Location: 11:00

Event: DreamHack SC2 Masters 2020 Fall

VOD

Have the link to the VOD?

Description

Time

  • Played on: Sept. 11, 2020, 3:15 p.m.
  • Length: 14:41

All games in this series

Show
View Real Time Build Order
Export as new Build Order

Reynor Zerg - Winner!

Build Orders: Pool First 

Get SALT Encoding   

  12  0:17  Spawning Pool  
  11  0:21  Drone  
  11  0:26  Drone  
  13  0:30  Drone  
  14  0:39  Overlord  
  14  1:04  Zergling x4  
  14  1:05  Zergling x2  
  17  1:15  Zergling x2  
  18  1:19  Hatchery  
  17  1:26  Zergling x2  
  18  1:32  Queen  
  18  1:37  Zergling x2  
  21  1:47  Overlord  
  21  1:58  Drone  
  22  2:08  Queen  
  22  2:09  Drone  
  25  2:20  Drone  
  23  2:30  Drone  
  23  2:31  Queen  
  23  2:32  Drone  
  23  2:34  Extractor  
  26  2:42  Drone x2  
  26  2:43  Drone x2  
  30  2:45  Drone  
  31  2:53  Overlord  
  31  2:55  Drone  
  32  3:03  Drone  
  32  3:04  Drone  
  34  3:14  Drone  
  34  3:15  Drone x4  
  39  3:22  Drone  
  39  3:23  Drone  
  39  3:24  Drone  
  42  3:28  Overlord  
  42  3:30  Drone  
  43  3:35  Metabolic Boost  
  43  3:41  Evolution Chamber  
  43  3:45  Roach Warren  
  43  3:46  Drone  
  43  3:48  Drone  
  43  3:51  Drone  
  44  3:58  Baneling Nest  
  43  4:03  Drone  
  43  4:07  Zergling x10  
  43  4:08  Evolution Chamber  
  43  4:09  Zergling x2  
  49  4:12  Zergling x2  
  49  4:16  Overlord  
  51  4:17  Drone  
  51  4:24  Overlord  
  51  4:28  Zergling x2  
  52  4:32  Overlord  
  52  4:34  Zerg Missile Weapons Level 1  
  52  4:35  Zergling x4  
  52  4:36  Zergling x4  
  56  4:40  Zergling x2  
  57  4:45  Zergling x2  
  57  4:49  Zergling x6  
  57  4:52  Zergling x2  
  62  5:01  Zergling x2  
  62  5:05  Zergling x2  
  62  5:06  Baneling x3  
  64  5:10  Hatchery  
  64  5:13  Baneling  
  62  5:14  Drone  
  62  5:15  Drone x4  
  67  5:21  Zergling x6  
  67  5:23  Baneling  
  67  5:26  Zergling x2  
  68  5:28  Baneling  
  68  5:30  Zergling x2  
  68  5:35  Zergling x2  
  68  5:40  Zergling x8  
  68  5:46  Drone x4  
  68  5:48  Extractor x2  
  68  5:49  Roach Warren  
  65  5:55  Drone x2  
  67  6:07  Drone  
  67  6:08  Drone  
  67  6:09  Lair  
  69  6:15  Drone  
  69  6:16  Drone x2  
  69  6:17  Extractor  
  71  6:20  Overlord  
  71  6:21  Drone  
  72  6:29  Roach x2  
  72  6:31  Hatchery  
  72  6:32  Overlord  
  75  6:38  Overlord  
  75  6:41  Roach x2  
  75  6:45  Roach x2  
  83  6:47  Overlord  
  83  6:51  Drone  
  84  6:55  Roach x4  
  92  7:06  Overlord  
  92  7:08  Hatchery  
  92  7:09  Roach  
  92  7:13  Roach x2, Spire  
  92  7:15  Roach  
  98  7:18  Drone x2  
  100  7:24  Glial Reconstitution  
  100  7:25  Drone x3  
  100  7:28  Roach  
  105  7:34  Roach  
  107  7:43  Roach x4  
  115  7:51  Roach  
  114  7:52  Overlord  
  114  7:54  Overlord  
  114  8:05  Roach  
  115  8:08  Overlord  
  115  8:14  Drone x4  
  119  8:24  Mutalisk x4  
  119  8:25  Spine Crawler  
  119  8:26  Spine Crawler  
  125  8:27  Mutalisk  
  125  8:31  Drone  
  125  8:32  Drone x2  
  132  8:34  Roach  
  132  8:35  Extractor, Roach  
  132  8:36  Extractor  
  132  8:41  Mutalisk  
  132  8:43  Overlord  
  132  8:47  Overlord  
  134  8:50  Roach  
  134  8:54  Overlord  
  136  8:56  Drone  
  137  9:05  Roach x4  
  144  9:16  Roach x5  
  130  9:25  Roach x2  
  130  9:26  Roach  
  130  9:28  Roach  
  125  9:39  Ravager  
  125  9:40  Ravager x2  
  128  9:54  Hatchery  
  128  9:59  Mutalisk  
  125  10:00  Mutalisk x2  
  131  10:16  Drone x4  
  135  10:24  Mutalisk x3  
  141  10:31  Hatchery  
  141  10:35  Mutalisk  
  141  10:40  Mutalisk  
  145  10:47  Hatchery  
  145  10:49  Mutalisk  
  146  10:54  Drone x3  
  149  10:58  Mutalisk  
  151  11:07  Mutalisk  
  151  11:10  Overlord  
  153  11:17  Mutalisk  
  151  11:24  Drone x5  
  156  11:28  Mutalisk  
  156  11:31  Overlord  
  158  11:40  Zerg Flyer Weapons Level 1  
  158  11:46  Mutalisk  
  160  11:56  Hatchery  
  160  11:59  Centrifical Hooks  
  157  12:11  Mutalisk x2  
  157  12:15  Zerg Melee Weapons Level 1  
  161  12:16  Zergling x16  
  161  12:21  Overlord, Mutalisk  
  171  12:27  Mutalisk  
  171  12:29  Drone x4  
  177  12:37  Overlord  
  177  12:42  Mutalisk x2  
  177  12:44  Zergling x8  
  184  12:49  Overlord  
  185  12:55  Baneling x10  
  185  12:57  Overlord  
  185  12:58  Zergling x8  
  187  13:00  Baneling x3  
  187  13:04  Baneling x2  
  187  13:06  Overlord  
  187  13:07  Baneling x2  
  187  13:08  Baneling  
  187  13:11  Zergling x12  
  193  13:20  Baneling  
  193  13:22  Zergling x10  
  198  13:29  Baneling  
  198  13:30  Baneling x6  
  194  13:35  Zergling x12  
  194  13:38  Zergling x4  
  194  13:39  Zergling x4  
  172  13:43  Mutalisk x2  
  172  13:45  Mutalisk  
  159  13:51  Mutalisk  
  159  13:53  Queen  
  159  13:54  Extractor  
  159  13:55  Extractor  
  161  13:57  Mutalisk  
  161  14:01  Zergling x6  
  166  14:03  Baneling x2  
  166  14:04  Baneling x4  
  166  14:05  Zergling x4  
  166  14:09  Zergling x10  
  173  14:13  Zergling x8  
  173  14:16  Mutalisk x2  
  180  14:19  Zergling x2  
Show
View Real Time Build Order
Export as new Build Order

Serral Zerg 

Build Orders: Hatch First 

Get SALT Encoding   

  12  0:00  Drone  
  13  0:11  Overlord  
  13  0:16  Drone  
  14  0:30  Drone x2  
  16  0:47  Hatchery  
  15  0:50  Drone  
  15  0:54  Drone  
  17  1:08  Spawning Pool  
  17  1:09  Extractor  
  15  1:12  Drone  
  15  1:16  Drone  
  17  1:19  Drone  
  18  1:27  Drone  
  19  1:54  Zergling x4  
  19  1:58  Queen x2  
  19  1:59  Zergling x2  
  19  2:00  Zergling x2  
  27  2:11  Zergling x2  
  28  2:21  Overlord  
  28  2:22  Drone  
  27  2:30  Drone  
  27  2:39  Drone x2  
  29  2:45  Metabolic Boost  
  29  2:52  Overlord  
  29  2:53  Drone  
  29  2:55  Drone  
  29  2:57  Drone  
  32  3:07  Drone x2  
  32  3:09  Drone  
  32  3:11  Drone x2  
  38  3:12  Drone  
  38  3:18  Drone  
  38  3:19  Evolution Chamber  
  38  3:26  Zergling x2  
  39  3:28  Drone x3  
  42  3:40  Hatchery  
  41  3:44  Drone  
  41  3:45  Drone  
  41  3:47  Overlord  
  43  3:55  Overlord  
  43  3:59  Drone  
  44  4:05  Drone  
  44  4:06  Drone, Roach Warren  
  44  4:07  Drone  
  46  4:10  Zerg Ground Armor Level 1  
  46  4:13  Zergling x4  
  48  4:17  Zergling x4  
  48  4:23  Zergling x8  
  54  4:30  Overlord  
  54  4:31  Queen  
  54  4:36  Zergling x2  
  57  4:41  Zergling x2  
  57  4:44  Zergling x4  
  60  4:48  Overlord  
  60  4:49  Lair  
  60  4:53  Zergling x8  
  60  4:58  Drone  
  65  5:01  Extractor, Zergling x4  
  65  5:04  Zergling x2  
  67  5:16  Roach x4, Zergling x4  
  77  5:22  Zergling x4  
  79  5:29  Roach  
  79  5:30  Zergling x2  
  79  5:31  Overlord  
  79  5:33  Overlord  
  79  5:38  Roach, Zergling x4  
  79  5:40  Queen  
  79  5:41  Queen  
  76  5:48  Roach x2, Zergling x2  
  71  5:51  Queen  
  73  5:57  Roach, Zergling x2  
  76  6:05  Zergling x4  
  76  6:06  Roach, Zergling x4  
  76  6:10  Zergling x2  
  82  6:23  Zergling x10  
  87  6:32  Zerg Missile Weapons Level 1  
  87  6:38  Drone x3  
  87  6:39  Overseer  
  90  6:43  Extractor  
  89  6:47  Overlord  
  89  6:50  Overlord  
  89  6:51  Drone x3  
  89  6:53  Roach x2  
  95  6:54  Roach  
  95  7:00  Overlord x2  
  96  7:10  Overlord  
  96  7:12  Drone x3  
  96  7:14  Roach x3, Extractor  
  103  7:18  Overlord  
  103  7:19  Glial Reconstitution  
  103  7:21  Extractor  
  103  7:22  Drone x3  
  105  7:26  Zergling x6  
  105  7:27  Overlord  
  105  7:28  Zergling x4  
  110  7:31  Drone  
  110  7:33  Drone  
  112  7:47  Roach  
  112  7:48  Roach x5  
  124  7:52  Drone  
  124  7:54  Drone  
  124  7:56  Drone  
  124  7:57  Drone  
  128  8:04  Roach x4  
  136  8:08  Overlord  
  135  8:13  Overlord  
  135  8:14  Overlord  
  135  8:16  Pneumatized Carapace  
  135  8:18  Roach x2  
  139  8:22  Overseer  
  139  8:26  Ravager x3  
  142  8:27  Ravager  
  142  8:29  Drone x4  
  142  8:31  Overlord  
  147  8:36  Overlord x2  
  147  8:43  Roach x3  
  153  8:50  Roach x4  
  161  8:59  Roach x4  
  161  9:00  Roach  
  171  9:03  Zerg Missile Weapons Level 2  
  168  9:10  Queen x2  
  164  9:17  Queen  
  148  9:24  Roach  
  148  9:25  Roach  
  133  9:36  Roach x5  
  135  9:45  Spore Crawler x2  
  130  9:52  Drone x2, Spore Crawler  
  130  9:58  Drone x2  
  130  10:01  Drone x2  
  130  10:03  Ravager  
  130  10:04  Ravager x2  
  130  10:05  Roach x2  
  139  10:15  Roach x4  
  147  10:24  Roach x5  
  153  10:30  Roach x2  
  153  10:40  Drone  
  153  10:42  Queen x3  
  152  10:47  Drone, Hydralisk Den  
  154  10:51  Drone  
  154  10:56  Spore Crawler  
  153  11:02  Drone  
  153  11:03  Spore Crawler  
  153  11:08  Overlord x3  
  147  11:20  Grooved Spines  
  147  11:21  Hydralisk x5  
  157  11:27  Hydralisk x2  
  151  11:41  Hydralisk x5  
  160  11:51  Hydralisk x2  
  164  12:04  Hydralisk x4  
  170  12:13  Hydralisk x4  
  178  12:18  Overlord  
  178  12:24  Ravager x3  
  178  12:25  Ravager x3  
  184  12:32  Muscular Augments  
  184  12:34  Hydralisk  
  186  12:37  Overlord  
  186  12:38  Roach x4  
  194  12:50  Spore Crawler  
  193  13:09  Overlord  
  193  13:11  Overlord  
  191  13:24  Hydralisk x2  
  193  13:27  Hydralisk  
  193  13:28  Hydralisk x3, Hatchery  
  200  13:40  Hydralisk x12  
  185  13:46  Hydralisk  
  162  13:53  Hydralisk x3  
  161  14:00  Ravager x2  
  159  14:04  Hydralisk x2  
  161  14:16  Hydralisk x3  

Tags
 
Add a new tag
Caveats
  • Supply blocks, unpowered buildings, or Contaminate may cause inaccurate times.
  • Supply counts are checked every 10 seconds.